 Dungeon Crawl Stone Soup version bcrawl-1.28.1b (webtiles) character file.

Game seed: 16432585870569055842

496678 LostNumber the Cleaver (level 13, 0/116 HPs)
             Began as a Minotaur Berserker on Dec 5, 2020.
             Was a High Priest of Trog.
             Slain by a death yak (16 damage)
             ... on level 6 of the Lair of Beasts.
             The game lasted 00:18:02 (13266 turns).

LostNumber the Cleaver (Minotaur Berserker)        Turns: 13266, Time: 00:18:02

Health: 0/116      AC: 21    Str: 29    XL:     13   Next: 24%
Magic:  0/17       EV: 10    Int:  2    God:    Trog [*****.]
Gold:   970        SH: 14    Dex: 11    Spells: 12/12 levels left

rFire    + . .     SeeInvis .   M - +9 long sword of the Abyss {slice, rPois rC+++ Str+3 Int-2}
rCold    + + +     Gourm    .   U - +0 medium shield
rNeg     . . .     Faith    .   T - +0 plate armour
rPois    +         Spirit   +   (helmet restricted)
rElec    +         Reflect  .   p - +0 cloak
rCorr    .         Harm     .   H - +2 pair of gloves
MR       .....                  K - +0 pair of boots
Stlth    ..........             b - amulet of guardian spirit
HPRegen  0.29/turn              i - ring of protection from fire
MPRegen  0.15/turn              N - ring of insulation

@: berserk cooldown, slowed, very slow
A: retaliatory headbutt, horns 2
a: Berserk, Trog's Hand, Brothers in Arms, Renounce Religion


You were on level 6 of the Lair of Beasts.
You worshipped Trog.
Trog was extremely pleased with you.
You were near starving.

You visited 2 branches of the dungeon, and saw 14 of its levels.
You also visited: Sewer.

You collected 1019 gold pieces.
You spent 49 gold pieces at shops.

Inventory:

Hand Weapons
 s - a +0 war axe
   (You took it off an orc on level 3 of the Dungeon)
 M - the +9 long sword of the Abyss (weapon) {slice, rPois rC+++ Str+3 Int-2}
   (You found it on level 7 of the Dungeon)

   It will always inflict at least some extra damage.
   This minimum extra damage increases with your current reserve of magical
   power.
   It affects your strength (+3).
   It affects your intelligence (-2).
   It renders you almost immune to cold.
   It protects you from poison.
 R - a +2 scimitar of flaming
   (You took it off Erica on level 8 of the Dungeon)
Armour
 p - a +0 cloak (worn)
   (You found it on level 7 of the Dungeon)
 H - a +2 pair of gloves (worn)
   (You found it on level 5 of the Dungeon)
 I - a cursed -2 chain mail
   (You found it on level 4 of the Lair of Beasts)
 K - a +0 pair of boots (worn)
   (You found it on level 3 of the Dungeon)
 T - a +0 plate armour (worn)
   (You took it off an orc warrior on level 8 of the Dungeon)
 U - a +0 medium shield (worn)
   (You took it off a gnoll sergeant on level 8 of the Dungeon)
Jewellery
 b - an amulet of guardian spirit (around neck)
   (You found it on level 3 of the Lair of Beasts)
 i - a ring of protection from fire (left hand)
   (You found it on level 5 of the Lair of Beasts)
 E - an uncursed ring of magical power
   (You found it on level 5 of the Dungeon)
 N - a ring of insulation (right hand)
   (You found it on level 7 of the Dungeon)
Wands
 t - a wand of polymorph (37)
   (You found it in a sewer)
 u - a wand of paralysis (7)
   (You found it on level 6 of the Dungeon)
 v - a wand of digging (19)
   (You found it on level 6 of the Dungeon)
 x - a wand of acid (12)
   (You found it on level 6 of the Dungeon)
 X - a wand of enslavement (5)
   (You found it on level 1 of the Lair of Beasts)
Scrolls
 c - a scroll of acquirement {unknown}
 h - 3 scrolls of teleportation {@r4}
 l - 2 scrolls of magic mapping
 m - 9 scrolls of remove curse {@r2}
 q - 5 scrolls of blinking {unknown}
 w - a scroll of amnesia {unknown}
 y - a scroll of brand weapon {unknown}
 z - a scroll of immolation {unknown}
 A - 2 scrolls of fear {unknown}
 G - 4 scrolls of enchant armour {unknown}
 L - a scroll of noise {unknown}
 O - a scroll of identify {@r1}
 P - a scroll of fog {unknown}
Potions
 d - 2 potions of lignification {!q}
 f - a potion of degeneration {unknown}
 g - 4 potions of mutation {!q}
 j - a potion of ambrosia {unknown}
 k - 2 potions of magic {unknown}
 n - 5 potions of curing {unknown}
 o - 6 potions of flight
 r - 2 potions of haste {@q3}
 B - 3 potions of heal wounds {@q2}
 C - 2 potions of cancellation {unknown}
 D - 3 potions of agility
 F - a potion of might {unknown}
 W - 2 potions of brilliance {unknown}
 Z - a potion of resistance {unknown}
Miscellaneous
 a - a sack of spiders
   (You found it on level 3 of the Lair of Beasts)
 V - a lamp of fire
   (You found it on level 1 of the Lair of Beasts)
 Y - a box of beasts
Comestibles
 e - 12 rations {!d!d}
 J - 4 chunks of flesh


   Skills:
 + Level 11.3 Fighting
 - Level 8.0 Long Blades
 + Level 12.7 Axes
 + Level 11.0 Armour
 + Level 10.2 Dodging
 + Level 9.9 Shields
 + Level 6.8 Evocations


You had 12 spell levels left.
You didn't know any spells.
Your spell library was empty.

Dungeon Overview and Level Annotations

Branches:
Dungeon (8/12)             Temple (0/1) D:4            Lair (6/6) D:7
 Shoals (0/3) Lair:4        Snake (0/3) Lair:2        Slime (0/5) Lair:5
    Orc (0/1) D:8

Altars:
Dithmenos
Fedhas
Gozag
Hepliaklqana
Makhleb
Nemelex Xobeh
Okawaru
Ru
Sif Muna
Xom
Zin
Jiyva

Shops:
D:5 *   D:8 ?

Annotations:
Lair:4 exclusion: oklob plant
Lair:5 1 runed door, exclusion: oklob plant


Innate Abilities, Weirdness & Mutations

You reflexively headbutt those who attack you in melee.
You have a pair of horns on your head.


Message History

* * * LOW HITPOINT WARNING * * *
You hit the death yak.
Ssssck.
You headbutt the death yak! The death yak barely misses you.
You block the cane toad's attack.
You slash the death yak!
You kill the death yak!
Trog accepts your kill.
Unknown command.
You slice the death yak!! You block the wolf's attack.
The cane toad closely misses you. The death yak closely misses you.
You furiously retaliate!
You headbutt the death yak! You slash the death yak!
You headbutt the death yak! The cane toad hits you!
* * * LOW HITPOINT WARNING * * *
The death yak gores you!
* * * LOW HITPOINT WARNING * * *
You are near starving!
You slice the death yak!!
You kill the death yak!
Trog accepts your kill. You block the cane toad's attack.
Your Armour skill increases to level 11!
You barely miss the death yak.
Unknown command.
You hit the death yak.
Ssssck.
You block the cane toad's attack. The death yak gores you!!
* * * LOW HITPOINT WARNING * * *
You slash the death yak! You headbutt the death yak.
The cane toad hits you but does no damage.
The death yak gores you.
* * * LOW HITPOINT WARNING * * *
You slice the death yak!! You block the death yak's attack.
The cane toad closely misses you.
You hit the death yak but do no damage.
Snnnck.
You block the death yak's attack.
The death yak gores you but does no damage.
You block the cane toad's attack.
You slice the death yak!!
You kill the death yak!
Trog accepts your kill.
Unknown command.
You slice the death yak!!
You are no longer berserk.
You are exhausted.
You feel yourself slow down. You block the cane toad's attack.
The wolf bites you but does no damage. You block the death yak's attack.
You hit the death yak. You headbutt the death yak.
You hear the rumble of a distant avalanche of rocks.
You block the wolf's attack. You block the cane toad's attack.
You block the wolf's attack. The death yak gores you!!
You die...

**,,,*,*##..≈...........*,,,,,**,
,*,,**,*#...≈...........,,,,,,,,,
,+,,*,,*#$.............P,,,,,,,,,
,+,,*,**♣...............,,,,,,,,,
,****,* ♣.......#hh.....,,,,,,,,,
,*8,,,* *♣......#Yh.....,,,,,,,,,
,+,,*****#.....l.Y......,,,,,,,,,
,*8,,+,,,#♣...hY##l..##.,,,,,,,,,
,*****,,,*#...hh@#*#..#*,,,,,,,,,
** *,,,*#....F## **#.#,,,,,,,,, *
*,,,*#......## **.,,,,,,,,, **
*,,,*#...<...# *,,,,,,,,,,, 8**
*,,,*#......## ***,,,,,,,,* *,*
*****#.....P.# *,,,,,,,** ***
*♣.....PP# *,,,,,,,** #.....P.##
**,,,,,,,,, ##P#..### *,,,,,**,,,


You could see a death yak, a komodo dragon, a cane toad and 3 wolves.

Vanquished Creatures
  4 hydras
  Erica (D:8)
  An anaconda (Lair:5)
  5 death yaks (Lair:6)
  A black mamba (Lair:3)
  8 cane toads
  2 torpor snails
  2 rime drakes
  A kobold demonologist (D:8)
  6 komodo dragons
  A troll (D:8)
  2 polar bears
  2 hornets
  11 blink frogs
  5 hippogriffs
  28 yaks
  Eustachio (D:4)
  6 wyverns
  3 basilisks
  4 nagas
  16 crocodiles
  8 porcupines
  5 water moccasins
  Purgy (Sewer)
  A sky beast (D:8)
  5 orc warriors
  A necrophage (D:7)
  3 centaurs
  8 ogres
  16 wolves
  3 big kobolds
  8 bullfrogs
  3 gnoll sergeants (D:8)
  A scorpion (D:8)
  3 howler monkeys (D:8)
  3 electric eels
  2 crimson imps (D:5)
  A bullfrog zombie (D:5)
  2 centaur zombies
  5 hounds
  3 orc priests
  A jelly (D:8)
  11 orc wizards
  A bullfrog skeleton (D:4)
  2 centaur skeletons
  Ijyb (D:5)
  3 iguanas
  9 worker ants
  3 hound skeletons
  A worker ant zombie (D:5)
  4 gnolls (D:8)
  A howler monkey skeleton (D:4)
  9 adders
  A river rat (D:3)
  A shadow imp (D:6)
  3 worms
  5 dart slugs
  2 leopard geckos (D:3)
  38 orcs
  9 bats
  8 giant cockroaches
  4 goblins
  3 hobgoblins
  11 jackals
  3 quokkas
  2 ball pythons (D:4)
  4 frilled lizards
  A jackal zombie (D:6)
  18 kobolds
  7 rats
358 creatures vanquished.

Vanquished Creatures (others)
  8 fungi
  8 plants
16 creatures vanquished.

Grand Total: 374 creatures vanquished

Notes
Turn   | Place    | Note
-------+----------+-------------------------------------------
     0 | D:1      | LostNumber the Minotaur Berserker began the quest for the
                  | Orb.
     0 | D:1      | Reached XP level 1. HP: 19/19 MP: 0/0
   194 | D:1      | Reached XP level 2. HP: 26/27 MP: 1/1
   302 | D:1      | Reached skill level 4 in Axes
   917 | D:2      | Reached XP level 3. HP: 31/33 MP: 2/2
   926 | D:2      | Reached ** piety under Trog
  1370 | D:3      | Reached XP level 4. HP: 40/40 MP: 3/3
  1391 | D:3      | Reached skill level 5 in Axes
  1583 | D:3      | Reached XP level 5. HP: 39/47 MP: 4/4
  1627 | D:3      | Found a glowing drain.
  1632 | Sewer    | Entered a sewer
  1710 | Sewer    | Noticed Purgy
  1723 | Sewer    | Killed Purgy
  1897 | Sewer    | Reached XP level 6. HP: 55/55 MP: 5/5
  2370 | D:3      | Reached *** piety under Trog
  2373 | D:3      | Reached skill level 5 in Fighting
  2375 | D:3      | Reached skill level 6 in Axes
  2942 | D:4      | Reached XP level 7. HP: 61/61 MP: 6/6
  3024 | D:4      | Found an opulent altar of Gozag.
  3105 | D:4      | Found a staircase to the Ecumenical Temple.
  3142 | D:4      | Found a shadowy altar of Dithmenos.
  3143 | D:4      | Noticed Eustachio
  3153 | D:4      | Killed Eustachio
  3154 | D:4      | Reached skill level 7 in Axes
  3200 | D:4      | Found a sacrificial altar of Ru.
  3300 | D:4      | Got a polished leather armour
  3399 | D:4      | Identified the +0 leather armour of Grot {rElec MR- rCorr
                  | Str-5} (You found it on level 4 of the Dungeon)
  3465 | D:5      | Entered Level 5 of the Dungeon
  3493 | D:5      | Reached skill level 5 in Armour
  3706 | D:5      | Reached **** piety under Trog
  3709 | D:5      | Noticed Ijyb
  3712 | D:5      | Killed Ijyb
  3856 | D:5      | Found a sparkling altar of Nemelex Xobeh.
  3864 | D:5      | Reached skill level 5 in Dodging
  3864 | D:5      | Reached XP level 8. HP: 66/70 MP: 7/7
  3995 | D:5      | Reached skill level 8 in Axes
  4174 | D:5      | Found Koqill's Assorted Antiques.
  4214 | D:5      | Found an iron altar of Okawaru.
  4221 | D:5      | Found a hazy altar of Hepliaklqana.
  4228 | D:5      | Found a glowing silver altar of Zin.
  4238 | D:5      | Found a shimmering altar of Xom.
  4239 | D:5      | Found a burning altar of Makhleb.
  4812 | D:6      | Reached skill level 9 in Axes
  5286 | D:6      | Reached XP level 9. HP: 69/79 MP: 8/8
  5426 | D:6      | Found a shimmering blue altar of Sif Muna.
  5652 | D:7      | Reached skill level 1 in Evocations
  5718 | D:7      | Got a steaming long sword
  5719 | D:7      | Identified the +9 long sword of the Abyss {slice, rPois
                  | rC+++ Str+3 Int-2} (You found it on level 7 of the Dungeon)
  5794 | D:7      | Reached skill level 1 in Long Blades
  5823 | D:7      | Noticed a komodo dragon
  5825 | D:7      | Found a staircase to the Lair.
  5830 | D:7      | Killed a komodo dragon
  5831 | D:7      | Reached skill level 10 in Axes
  6180 | D:7      | Found a blossoming altar of Fedhas.
  6499 | D:8      | Reached ***** piety under Trog
  6499 | D:8      | Received a gift from Trog
  6564 | D:8      | Reached XP level 10. HP: 89/89 MP: 11/11
  6566 | D:8      | Noticed Erica
  6594 | D:8      | Killed Erica
  6870 | D:8      | Found Inkitej's Magic Scroll Boutique.
  6875 | D:8      | Bought a scroll of magic mapping for 49 gold pieces
  6898 | D:8      | Found a staircase to the Orcish Mines.
  7295 | D:8      | Reached skill level 5 in Long Blades
  7295 | D:8      | Reached skill level 1 in Shields
  7443 | Lair:1   | Entered Level 1 of the Lair of Beasts
  7453 | Lair:1   | Reached skill level 11 in Axes
  7700 | Lair:1   | Received a gift from Trog
  7701 | Lair:1   | Reached XP level 11. HP: 86/97 MP: 13/13
  8665 | Lair:2   | Reached skill level 5 in Shields
  8666 | Lair:2   | Found a staircase to the Snake Pit.
  8968 | Lair:2   | Reached skill level 5 in Evocations
  9011 | Lair:2   | Noticed a four-headed hydra
  9022 | Lair:2   | Killed a one-headed hydra
  9077 | Lair:2   | Reached skill level 10 in Fighting
  9108 | Lair:2   | Got a dazzling short sword
  9848 | Lair:3   | Reached XP level 12. HP: 106/106 MP: 15/15
 10076 | Lair:3   | Reached skill level 10 in Armour
 10282 | Lair:3   | Reached skill level 12 in Axes
 10286 | Lair:3   | Noticed a seven-headed hydra
 10307 | Lair:3   | Killed a three-headed hydra
 10960 | Lair:4   | Noticed a four-headed hydra
 10978 | Lair:4   | Killed a three-headed hydra
 11196 | Lair:4   | Found a staircase to the Shoals.
 11362 | Lair:4   | Received a gift from Trog
 11554 | Lair:4   | Noticed a seven-headed hydra
 11565 | Lair:4   | Killed a two-headed hydra
 11949 | Lair:5   | Found a runed door.
 11951 | Lair:5   | Found a viscous altar of Jiyva.
 11952 | Lair:5   | Found a staircase to the Slime Pits.
 12060 | Lair:5   | Noticed an anaconda
 12077 | Lair:5   | Killed an anaconda
 12610 | Lair:5   | Reached skill level 10 in Dodging
 12615 | Lair:5   | Reached XP level 13. HP: 61/116 MP: 15/16
 13104 | Lair:6   | Entered Level 6 of the Lair of Beasts
 13266 | Lair:6   | Slain by a death yak

Skill      XL: |  1  2  3  4  5  6  7  8  9 10 11 12 13 |
---------------+----------------------------------------+-----
Axes           | 4 5 6 7 9 10 11 12 | 12.7
Fighting       | 4 5 6 7 8 9 10 11 | 11.3
Armour         | 3 4 5 6 7 9 10 11 | 11.0
Dodging        | 3 4 5 6 7 8 9 10 | 10.2
Evocations     | 3 4 5 6 |  6.8
Long Blades    | 3 5 7 8 |  8.0
Shields        | 3 6 9 |  9.9

Action                   |  1- 3 |  4- 6 |  7- 9 | 10-12 | 13-15 || total
-------------------------+-------+-------+-------+-------+-------++-------
Melee: Hand axe          |    73 |    25 |       |       |       ||    98
       Headbutt          |    13 |    15 |    45 |   108 |    29 ||   210
       War axe           |       |    91 |   187 |       |       ||   278
       Long sword        |       |       |    71 |   504 |    78 ||   653
       Scimitar          |       |       |       |    22 |       ||    22
Invok: Berserk           |       |     1 |       |     1 |     1 ||     3
       Trog's Hand       |       |       |       |       |     1 ||     1
Evoke: Wand              |       |       |       |     1 |       ||     1
  Use: Scroll            |     3 |       |     3 |     6 |     1 ||    13
 Stab: Sleeping          |     2 |     1 |       |       |       ||     3
  Eat: Chunk             |     3 |    10 |    19 |    34 |     3 ||    69
Armor: Animal skin       |    18 |    28 |       |       |       ||    46
       Chain mail        |       |    17 |   145 |   161 |       ||   323
       Plate armour      |       |       |       |   157 |    23 ||   180
Dodge: Dodged            |    41 |    82 |   154 |   361 |    24 ||   662
Block: Other             |       |       |       |    19 |       ||    19
       Medium shield     |       |       |       |    72 |    58 ||   130
